cohdb
Replays
Latest Replays
All Replays
Popular Replays
Top Player Replays
Match Explorer
How It Works
Community
CoH3 Stats
Reddit
Sign in to upload your games and track your stats! →
Sign in with Steam
Match 41430952
Unlisted
Match 41430952
Overview
Messages
Build Orders
End
Kradschützen Motorcycle Team
Panzergrenadier Squad
Selects Panzerjäger Kommand Battlegroup
Selects Mine Fields
Panzergrenadier Squad
Panzergrenadier Squad
Construct Light Support Kompanie
MG34 Team
Panzerjäger Squad
Fire Support Elements
2.5-tonne Medical Truck
Veteran Squad Leaders
Panzerjäger Mechanized Group
le.IG 18 Support Gun Team
Selects Defensive Positions
Selects Tank Busters
Selects Crew Shock Tactics
Crew Shock Tactics
MG34 Team
Fortune
Jamin
0
0
Comments
sign in to comment!
No comments posted yet!